 Dungeon Crawl Stone Soup version 0.27-a0-1378-gdefffd1ff6 (webtiles) character file.

Game seed: 2450031428105553946

93 Lanoc the Conjurer (level 4, -3/27 HPs)
             Began as an Octopode Conjurer on June 29, 2021.
             Was a Follower of Dithmenos.
             Slain by a goblin (6 damage)
             ... led by Robin
             ... on level 3 of the Dungeon.
             The game lasted 00:03:02 (2490 turns).

Lanoc the Conjurer (Octopode Conjurer)              Turns: 2490, Time: 00:03:02

Health: -3/27      AC:  1    Str:  6    XL:     4   Next: 62%
Magic:  3/7        EV: 13    Int: 21    God:    Dithmenos [*.....]
Gold:   84         SH:  0    Dex: 10    Spells: 4/7 levels left

rFire    + . .     SeeInvis .   f - +2 hand axe (vorpal)
rCold    + . .     Faith    .   (no shield)
rNeg     . . .     Spirit   .   (helmet restricted)
rPois    +         Reflect  .   (no amulet)
rElec    +         Harm     .   (no ring)
rCorr    +         Rampage  .   (no ring)
Will     .....                  (no ring)
Stlth    +++.......             (no ring)
HPRegen  0.09/turn              (no ring)
MPRegen  0.10/turn              (no ring)
                                (no ring)
                                (no ring)

@: resistant, wreathed by umbra
A: almost no armour, amphibious, 8 rings, camouflage 1, gelatinous body 1,
(nimble swimmer 1), tentacles
a: Renounce Religion


You were on level 3 of the Dungeon.
You worshipped Dithmenos.
Dithmenos was aware of your devotion.
You visited 1 branch of the dungeon, and saw 3 of its levels.

You collected 84 gold pieces.

Inventory:

Hand Weapons
 f - a +2 vorpal hand axe (weapon)
Scrolls
 a - a scroll of enchant weapon {unknown}
 b - 2 scrolls of fear {unknown}
 d - 2 scrolls of teleportation {unknown}
 e - a scroll of noise {unknown}
 h - a scroll of blinking {unknown}
Potions
 g - a potion of resistance


   Skills:
 + Level 3.0 Dodging
 - Level 2.6 Stealth
 - Level 2.0 Spellcasting
 * Level 5.3 Conjurations


You had 4 spell levels left.
You knew the following spells:

 Your Spells              Type           Power      Damage    Failure   Level
a - Magic Dart            Conj           96%        1d7       1%          1
b - Searing Ray           Conj           48%        3d5       2%          2

Your spell library contained the following spells:

 Spells                   Type           Power      Damage    Failure   Level
 Dazzling Flash           Conj/Hex       26%        N/A       14%         3
 Fulminant Prism          Conj/Hex       6%         3d7       43%         4
 Iskenderun's Mystic Bla  Conj/Tloc      13%        2d5       43%         4


Dungeon Overview and Level Annotations

Branches:
Dungeon (3/15)

Altars:
Dithmenos
Trog

Annotations:
D:3 Robin


Innate Abilities, Weirdness & Mutations

You cannot wear most types of armour.
You are amphibious.
You can wear up to eight rings at the same time.
Your skin changes colour to match your surroundings (Stealth+).
Your rubbery body absorbs attacks. (AC +1, EV +1)
((You are camouflaged near water. (Stealth+)))
You have tentacles for arms and can constrict up to eight enemies at once.


Message History

The goblin hits you with a +0 club!
* * * LOW HITPOINT WARNING * * *
It was a potion of heal wounds.
You feel much better. The hobgoblin hits you.
Robin points. "Kill!"
The goblin completely misses you.
It was a potion of resistance.
You feel protected. The hobgoblin hits you. The goblin hits you with a +0 club.
You closely miss the goblin. Your grab misses the goblin.
You hit the hobgoblin. The hobgoblin closely misses you.
The goblin closely misses you.
You closely miss the goblin. Your grab misses the goblin.
You hit the hobgoblin.
You kill the hobgoblin!
Dithmenos accepts your kill. Robin closely misses you.
The goblin barely misses you.
You completely miss the goblin. Your grab misses the goblin.
The goblin closely misses you. x2
Robin hits you from afar with a +1 spear of flaming.
You slash the goblin!
You kill the goblin!
Dithmenos accepts your kill.
You hit the goblin.
You kill the goblin!
Dithmenos accepts your kill.
Robin hits you from afar with a +1 spear of flaming!
* * * LOW HITPOINT WARNING * * *
Robin burns you.
* * * LOW HITPOINT WARNING * * *
Robin throws the goblin at you!
Things that are here:
a +0 club; a +0 dagger; a goblin corpse The goblin misses you.
The goblin no longer looks unusually strong.
Robin throws the goblin at you!
The goblin no longer looks unusually strong.
Robin roars a battlecry!
The goblins go into a battle-frenzy!
The goblin hits you with a +0 dagger.
You die...

..# #)# #.#
#g#######
##+#.†......
#.##...########
#.#...g.##
###........##
.......@g...####[..
............'......
###.........####...
##.......##
##.....## ##...##
##'## #.# #.#


You could see Robin and 2 goblins.

Vanquished Creatures
  Jessica (D:2)
  An adder (D:2)
  2 worms (D:2)
  A dart slug (D:2)
  4 endoplasms
  A giant cockroach (D:1)
  6 goblins
  11 hobgoblins
  2 jackals (D:1)
  A quokka (D:1)
  6 ball pythons
  3 bats
  3 kobolds (D:1)
  3 rats (D:1)
45 creatures vanquished.

Notes
Turn   | Place    | Note
-------+----------+-------------------------------------------
     0 | D:1      | Lanoc the Octopode Conjurer began the quest for the Orb.
     0 | D:1      | Reached XP level 1. HP: 11/11 MP: 3/3
   331 | D:1      | Reached XP level 2. HP: 16/17 MP: 0/5
  1419 | D:2      | Reached XP level 3. HP: 21/21 MP: 3/6
  1511 | D:2      | Found a faded altar of an unknown god.
  1527 | D:2      | Became a worshipper of Dithmenos the Shadowed
  1527 | D:2      | Reached * piety under Dithmenos
  1620 | D:2      | Learned a level 2 spell: Searing Ray
  1855 | D:2      | Found a bloodstained altar of Trog.
  2109 | D:2      | Reached skill level 5 in Conjurations
  2155 | D:2      | Noticed Jessica
  2162 | D:2      | Killed Jessica
  2163 | D:2      | Reached XP level 4. HP: 27/27 MP: 1/7
  2470 | D:3      | Noticed Robin
  2490 | D:3      | Slain by a goblin

Illustrated notes

Levels and vault maps discovered:
D:1:      shiori_arrival_elements, layout_basic, serial_bayou_pond_e,
          st_stairs_12, minmay_pentomino_s2
D:2:      layout_loops_ring, ebering_ecumenical_altar_webs, basic_altar,
          uniq_jessica
D:3:      layout_loops_corners, uniq_robin, uniq_grinder

Skill      XL: |  1  2  3 |
---------------+----------+-----
Conjurations   | 5 |  5.3
Dodging        | 3 |  3.0
Stealth        | |  2.6
Spellcasting   | |  2.0

Action                   |  1- 3 |  4- 6 || total
-------------------------+-------+-------++-------
Melee: Unarmed           |    27 |       ||    27
       Constrict         |     7 |     2 ||     9
       Tentacles         |     3 |       ||     3
       Hand axe          |     3 |    13 ||    16
 Cast: Magic Dart        |    56 |     8 ||    64
       Searing Ray       |     2 |       ||     2
  Use: Potion            |       |     2 ||     2
Armor: Skin              |     5 |     1 ||     6
Dodge: Dodged            |    30 |    16 ||    46

Table legend: (Time is in decaauts)
 A = Elapsed time spent in this place.
 B = Non-inter-level travel time spent in this place.
 C = Inter-level travel time spent in this place.
 D = Time resting spent in this place.
 E = Time spent auto-exploring this place.
 F = Levels seen in this place.
 G = Mean time per level.
                   A        B        C        D        E       F      G
               +--------+--------+--------+--------+--------+-----+--------+
         Total |   2493 |   2461 |     32 |      0 |   2241 |   3 |  831.0 |
       Dungeon |   2493 |   2461 |     32 |      0 |   2241 |   3 |  831.0 |
               +--------+--------+--------+--------+--------+-----+--------+

Top non-repeatable levels by time:
     D:1: 1331 daAuts
     D:2: 1095 daAuts
     D:3: 67 daAuts
